 Dungeon Crawl Stone Soup version 0.29-a0-330-g52719c12eb (webtiles) character file.

Game seed: 14588027463991525681

31 kae the Poker (level 3, -1/27 HPs)
             Began as a Merfolk Gladiator on Apr 20, 2022.
             Slain by a worm (3 damage)
             ... on level 2 of the Dungeon.
             The game lasted 00:00:22 (1157 turns).

kae the Poker (Merfolk Gladiator)                   Turns: 1157, Time: 00:00:22

Health: -1/27      AC:  4    Str: 16    XL:     3   Next: 22%
Magic:  3/3        EV: 13    Int:  7    God:
Gold:   11         SH:  0    Dex: 15    Spells: 2/2 levels left

rFire   . . .      SeeInvis .   a - +0 trident
rCold   . . .      Faith    .   (no shield)
rNeg    . . .      Spirit   .   b - +0 leather armour
rPois   .          Reflect  .   c - +0 helmet
rElec   .          Harm     .   (no cloak)
rCorr   .          Rampage  .   (no gloves)
Will    .....                   (no boots)
Stlth   +.........              (no amulet)
HPRegen 0.09/turn               i - +4 ring of slaying
MPRegen 0.08/turn               (no ring)

@: no status effects
A: (nimble swimmer 2), mertail
a: no special abilities


You were on level 2 of the Dungeon.
You visited 1 branch of the dungeon, and saw 2 of its levels.

You collected 11 gold pieces.

Inventory:

Hand Weapons
 a - a +0 trident (weapon)
Missiles
 d - 3 throwing nets (quivered)
 e - a javelin
Armour
 b - a +0 leather armour (worn)
 c - a +0 helmet (worn)
Jewellery
 i - a +4 ring of slaying (left hand)
 n - a ring of resist corrosion
Scrolls
 f - 2 scrolls of identify {unknown}
 h - a scroll of fog {unknown}
 k - a scroll of enchant armour {unknown}
 l - 2 scrolls of magic mapping {unknown}
 m - a scroll of teleportation {unknown}
Potions
 g - a potion of brilliance {unknown}
 j - a potion of curing {unknown}


   Skills:
 - Level 2.1 Fighting
 + Level 5.7 Polearms
 - Level 2.0 Throwing
 - Level 4.0 Dodging


You had 2 spell levels left.
You didn't know any spells.
Your spell library contained the following spells:

 Spells                   Type           Power      Damage    Failure   Level
 Call Canine Familiar     Summ           0%         N/A       86%         3
 Portal Projectile        Hex/Tloc       0%         N/A       86%         3
 Leda's Liquefaction      Hex/Erth       0%         N/A       99%         4


Dungeon Overview and Level Annotations

Branches:
Dungeon (2/15)

Altars:


Innate Abilities, Weirdness & Mutations

((You are very nimble when in or above water. (Stealth+, EV+, Speed+++)))
Your lower body shifts to a powerful aquatic tail in water.


Message History

The ball python hisses angrily.
You reach to attack!
You puncture the ball python!
You kill the ball python!
n - a ring of resist corrosion No target in view!
No target in view!
A worm comes into view.
A worm is nearby!
A worm is nearby!
You puncture the worm!
The worm is heavily wounded.
A worm is nearby!
You hit the worm.
The worm is severely wounded.
The worm bites you!
You barely miss the worm.
The worm is severely wounded.
The worm bites you!
A worm is nearby!
You are too injured to fight recklessly!
You are too injured to fight recklessly!
A worm is nearby!
You are too injured to fight recklessly!
You are too injured to fight recklessly!
A worm is nearby!
You are too injured to fight recklessly!
You are too injured to fight recklessly!
A worm is nearby!
You are too injured to fight recklessly!
You are too injured to fight recklessly!
You hit the worm.
The worm is severely wounded.
You completely miss the worm.
The worm is severely wounded.
The worm bites you!
* * * LOW HITPOINT WARNING * * *
You hit the worm but do no damage.
The worm is severely wounded.
The worm bites you.
You die...

#####.##.# #.#####
###..#.....#..# ##.#
...........†.## #..#
.............####.###
....................#
....................#
....................#
....................#
......w@............#
....................#
.....#.....##########
#### #######


You could see a worm.

Vanquished Creatures
  A gnoll (D:1)
  4 ball pythons
  2 endoplasms (D:1)
  A giant cockroach (D:1)
  A goblin (D:2)
  2 hobgoblins
  3 kobolds (D:1)
  3 bats (D:1)
  A frilled lizard (D:1)
  A rat (D:1)
19 creatures vanquished.

Notes
Turn   | Place    | Note
-------+----------+-------------------------------------------
     0 | D:1      | kae the Merfolk Gladiator began the quest for the Orb.
     0 | D:1      | Reached XP level 1. HP: 16/16 MP: 1/1
   200 | D:1      | Reached XP level 2. HP: 22/22 MP: 2/2
   342 | D:1      | You fall into a shaft and drop 1 floor!
   460 | D:1      | Reached skill level 5 in Polearms
   634 | D:1      | Reached XP level 3. HP: 27/27 MP: 3/3
  1157 | D:2      | Slain by a worm

Illustrated notes

Levels and vault maps discovered:
D:1:      nicolae_arrival_washed_ashore, layout_basic
D:2:      mumra_celtic_spiral_tile, layout_rooms, ebering_ecumenical_altar_box

Skill      XL: |  1  2 |
---------------+-------+-----
Polearms       | 5 |  5.7
Fighting       | |  2.1
Throwing       | |  2.0
Dodging        | |  4.0

Action                   || total
-------------------------++-------
Melee: Trident           ||    43
       Punch             ||     1
 Stab: Sleeping          ||     1
Armor: Leather armour    ||     8
Dodge: Dodged            ||    12

Table legend: (Time is in decaauts)
 A = Elapsed time spent in this place.
 B = Non-inter-level travel time spent in this place.
 C = Inter-level travel time spent in this place.
 D = Time resting spent in this place.
 E = Time spent auto-exploring this place.
 F = Levels seen in this place.
 G = Mean time per level.
                   A        B        C        D        E       F      G
               +--------+--------+--------+--------+--------+-----+--------+
         Total |   1159 |   1126 |     33 |      0 |   1009 |   2 |  579.5 |
       Dungeon |   1159 |   1126 |     33 |      0 |   1009 |   2 |  579.5 |
               +--------+--------+--------+--------+--------+-----+--------+

Top non-repeatable levels by time:
     D:1: 1013 daAuts
     D:2: 146 daAuts
